 Dungeon Crawl Stone Soup version 0.30-a0-51-g784eafce7f (webtiles) character file.

Game seed: 12129168532809604337

3679 funkygono the Arsonist (level 10, -1/53 HPs)
             Began as a Gargoyle Fire Elementalist on Sept 5, 2022.
             Was an Initiate of Vehumet.
             Slain by a centaur warrior (9 damage)
             ... on level 7 of the Dungeon.
             The game lasted 00:13:08 (8858 turns).

funkygono the Arsonist (Gargoyle Fire Elementalist) Turns: 8858, Time: 00:13:09

Health: -1/53      AC: 15    Str: 12    XL:     10   Next: 13%
Magic:  28/30      EV: 12    Int: 29    God:    Vehumet [......]
Gold:   346        SH:  0    Dex: 13    Spells: 13/24 levels left

rFire   . . .      SeeInvis .    k - +7 quarterstaff of Byecleit {drain, rPois Will+ Int+3 Dex+3}
rCold   . . .      Faith    .    (shield currently unavailable)
rNeg    + . .      Spirit   .    E - +0 acid dragon scales
rPois   ∞          Reflect  .    (no helmet)
rElec   +          Harm     .    (no cloak)
rCorr   +          Rampage  .    v - +1 pair of gloves
Will    +....                    (no boots)
Stlth   ++........               j - amulet of regeneration
HPRegen 0.97/turn                d - ring of magical power
MPRegen 0.22/turn                y - +6 ring of intelligence

@: no status effects
A: sickness immunity, AC +7, negative energy resistance 1, electricity
resistance, torment resistance 1, petrification resistance
a: Renounce Religion


You were on level 7 of the Dungeon.
You worshipped Vehumet.
Vehumet was noncommittal.
You visited 2 branches of the dungeon, and saw 9 of its levels.

You collected 346 gold pieces.

Inventory:

Hand Weapons
 k - the +7 quarterstaff of Byecleit (weapon) {drain, rPois Will+ Int+3 Dex+3}
   (You found it on level 4 of the Dungeon)

   A truly terrible weapon, it drains the life of any living foe it strikes.
   Int:       It affects your intelligence (+3).
   Dex:       It affects your dexterity (+3).
   rPois:     It protects you from poison.
   Will:      It increases your willpower.
 n - a +0 mace
 s - a +1 whip of freezing
 H - a +0 whip of freezing
Armour
 a - a +0 robe
 v - a +1 pair of gloves (worn)
 w - the +1 scale mail of Narcissism {rCorr Int+3 Dex-3}
   (You found it on level 3 of the Dungeon)

   Int:       It affects your intelligence (+3).
   Dex:       It affects your dexterity (-3).
   rCorr:     It protects you from acid and corrosion.
 x - a +2 chain mail of positive energy
 E - +0 acid dragon scales (worn)
Jewellery
 d - a ring of magical power (left hand)
 j - an amulet of regeneration (around neck)
 y - a +6 ring of intelligence (right hand)
 A - a ring of willpower
Wands
 f - a wand of charming (21)
 p - a wand of quicksilver (11)
 u - a wand of polymorph (20)
Scrolls
 g - a scroll of amnesia
 l - 5 scrolls of teleportation
 q - 2 scrolls of magic mapping
 B - 2 scrolls of poison
 D - a scroll of fear
Potions
 b - a potion of magic
 c - 2 potions of might
 e - a potion of resistance
 h - 3 potions of mutation
 i - 3 potions of lignification
 m - 2 potions of heal wounds
 o - a potion of invisibility
 r - 2 potions of cancellation {unknown}
 t - a potion of degeneration {unknown}
 z - 2 potions of attraction {unknown}
 C - a potion of flight {unknown}
 F - a potion of berserk rage {unknown}


   Skills:
 + Level 1.8 Fighting
 + Level 0.5(1.8) Maces & Flails
 + Level 2.7(2.8) Staves
 + Level 0.1 Armour
 + Level 3.0 Dodging
 + Level 3.5 Stealth
 + Level 7.8 Spellcasting
 + Level 7.0 Conjurations
 + Level 8.6 Fire Magic


You had 13 spell levels left.
You knew the following spells:

 Your Spells              Type           Power      Damage    Failure   Level
a - Foxfire               Conj/Fire      100%       2x1d9     1%          1
b - Scorch                Fire           100%       2d10      1%          2
c - Conjure Flame         Conj/Fire      54%        6-21      1%          3
d - Flame Wave            Conj/Fire      54%        2d13      2%          4
e - Freeze                Ice            44%        1d6       7%          1

Your spell library contained the following spells:

 Spells                   Type           Power      Damage    Failure   Level
 Inner Flame              Hex/Fire       36%        N/A       3%          3
 Beastly Appendage        Tmut           22%        N/A       7%          1
 Wereblood                Tmut           11%        N/A       11%         2
 Gell's Gravitas          Tloc           11%        N/A       22%         3
 Ozocubu's Armour         Ice            11%        N/A       22%         3
 Portal Projectile        Hex/Tloc       22%        N/A       22%         3
 Spider Form              Tmut/Pois      11%        N/A       22%         3
 Teleport Other           Tloc           11%        N/A       22%         3
 Tukima's Dance           Hex            11%        N/A       22%         3
 Blade Hands              Tmut           5%         N/A       89%         5
 Dispersal                Tloc           5%         N/A       100%        6
 Ozocubu's Refrigeration  Ice            5%         4d8       100%        7


Dungeon Overview and Level Annotations

Branches:
Dungeon (8/15)             Temple (1/1) D:6
   Lair: D:8-11

Altars:
Ashenzari
Cheibriados
Dithmenos
Elyvilon
Fedhas
Gozag
Hepliaklqana
Kikubaaqudgha
Makhleb
Nemelex Xobeh
Okawaru
Qazlal
Sif Muna
Trog
Vehumet
Wu Jian
Xom
Yredelemnul
Zin
The Shining One


Innate Abilities, Weirdness & Mutations

You are immune to sickness and miasma.
Your stone body is resilient. (AC +7)
You are immune to poison.
You resist negative energy. (rN+)
You are resistant to electric shocks. (rElec)
You are resistant to unholy torment.
You are immune to petrification.


Message History

The centaur warrior hits you but does no damage.
The centaur warrior kicks you but does no damage.
The vampire mosquito closely misses you.
You climb upwards.
There is a stone staircase leading down here.
The vampire mosquito misses you.
You feel much better.
The vampire mosquito closely misses you.
The centaur warrior wields a +0 shortbow.
The centaur warrior shoots an arrow.
The arrow hits you!
The vampire mosquito closely misses you.
The centaur warrior shoots an arrow.
The arrow hits you! The vampire mosquito barely misses you.
The centaur warrior shoots an arrow.
The arrow barely misses you.
The centaur warrior unwields a +0 shortbow.
The centaur warrior hits you but does no damage.
The centaur warrior closely misses you.
The vampire mosquito closely misses you.
The vampire mosquito bites you. The centaur warrior hits you!
* * * LOW HITPOINT WARNING * * *
The centaur warrior closely misses you. The vampire mosquito bites you.
* * * LOW HITPOINT WARNING * * *
The centaur warrior hits you.
* * * LOW HITPOINT WARNING * * *
The centaur warrior kicks you but does no damage.
There is an open door here.
You sock the centaur warrior! You drain the centaur warrior.
The centaur warrior is moderately wounded.
The vampire mosquito barely misses you. The centaur warrior barely misses you.
The centaur warrior kicks you but does no damage.
The vampire mosquito misses you. The centaur warrior misses you.
The centaur warrior kicks you but does no damage.
Casting: Scorch (safe; 1% risk of failure)
Confirm with . or Enter, or press ? or * to list all spells.
Flames lash the vampire mosquito.
The vampire mosquito is moderately damaged.
The vampire mosquito's fire resistance burns away.
The vampire mosquito bites you but does no damage.
The centaur warrior hits you!
You die...

####################
......#.....'......#
......#.....#..c.y.#
###...##...#####@#.#
###...##...##....>.#####
......#............#...##
......#.................#
###.####...##.....##....#
###.####...##.....##....#
...........#......#.....#
......[....+......#.....#
#..#######.###...###...##########


You could see a centaur warrior (drained) and a vampire mosquito (combustible).

Vanquished Creatures
  Pikel (D:7)
  Maggie (D:7)
  A wyvern (D:7)
  The ghost of stringoo the Sneak, an amateur OpDe (D:5)
  Duvessa (D:5)
  2 sky beasts
  3 orc warriors
  4 black bears
  3 lemures
  2 phantoms (D:5)
  Blork the orc (D:6)
  2 bullfrogs
  A necrophage (D:4)
  3 scorpions
  3 wights (D:7)
  Dowan (D:5)
  6 killer bees (D:7)
  A howler monkey (D:5)
  A crimson imp (D:7)
  2 jellies
  4 orc priests
  Natasha (thrice) (D:4)
  4 iguanas
  3 orc wizards
  10 adders
  A shadow imp (D:6)
  An ufetubus (D:5)
  A dart slug (D:1)
  22 orcs
  3 bats
  5 endoplasms
  4 giant cockroaches
  4 goblins
  5 hobgoblins
  2 jackals (D:1)
  2 quokkas
  4 ball pythons
  A frilled lizard (D:1)
  8 kobolds
  2 rats
129 creatures vanquished.

Vanquished Creatures (others)
  475 foxfires
475 creatures vanquished.

Grand Total: 604 creatures vanquished

Notes
Turn   | Place    | Note
-------+----------+-------------------------------------------
     0 | D:1      | funkygono the Gargoyle Fire Elementalist began the quest
                  | for the Orb.
     0 | D:1      | Reached XP level 1. HP: 10/10 MP: 3/3
    89 | D:1      | Found a faded altar of an unknown god.
   247 | D:1      | Reached XP level 2. HP: 15/15 MP: 3/5
   254 | D:1      | Learned a level 2 spell: Scorch
   988 | D:1      | Reached XP level 3. HP: 16/19 MP: 0/6
   992 | D:1      | Learned a level 3 spell: Conjure Flame
  1481 | D:2      | Reached XP level 4. HP: 13/24 MP: 4/7
  2286 | D:2      | Found an opulent altar of Gozag.
  2956 | D:3      | Reached XP level 5. HP: 20/28 MP: 2/9
  2968 | D:3      | Reached skill level 4 in Fire Magic
  3477 | D:3      | Identified the +1 scale mail of Narcissism {rCorr Int+3
                  | Dex-3}
  3884 | D:3      | Learned a level 4 spell: Flame Wave
  4156 | D:4      | Identified the +7 quarterstaff of Byecleit {drain, rPois
                  | Will+ Int+3 Dex+3}
  4277 | D:4      | Reached XP level 6. HP: 30/33 MP: 10/11
  4476 | D:4      | Noticed Natasha
  4481 | D:4      | Killed Natasha
  4837 | D:4      | Noticed Natasha
  4842 | D:4      | Killed Natasha
  5062 | D:4      | Noticed Natasha
  5065 | D:4      | Killed Natasha
  5113 | D:5      | Entered Level 5 of the Dungeon
  5142 | D:5      | Reached XP level 7. HP: 37/37 MP: 12/12
  5380 | D:5      | Reached skill level 5 in Fire Magic
  5631 | D:5      | Found a large runed translucent door.
  5631 | D:5      | Found a large runed translucent door.
  5649 | D:5      | Noticed stringoo's ghost (amateur OpDe)
  5946 | D:5      | Noticed Duvessa
  5946 | D:5      | Noticed Dowan
  5952 | D:5      | Killed Duvessa
  5953 | D:5      | Reached skill level 1 in Staves
  5953 | D:5      | Reached skill level 6 in Fire Magic
  5953 | D:5      | Reached XP level 8. HP: 35/42 MP: 14/15
  5954 | D:5      | Killed Dowan
  5955 | D:5      | Reached skill level 5 in Conjurations
  6045 | D:5      | Reached skill level 5 in Spellcasting
  6222 | D:5      | Killed stringoo's ghost
  6785 | D:6      | Reached skill level 1 in Fighting
  6832 | D:6      | Noticed Blork the orc
  6838 | D:6      | Reached skill level 7 in Fire Magic
  6838 | D:6      | Killed Blork the orc
  6839 | D:6      | Reached XP level 9. HP: 47/47 MP: 18/18
  7266 | D:6      | Found a staircase to the Ecumenical Temple.
  7499 | Temple   | Entered the Ecumenical Temple
  7504 | Temple   | Became a worshipper of Vehumet
  8040 | D:7      | Found a shimmering blue altar of Sif Muna.
  8118 | D:7      | Noticed Maggie
  8133 | D:7      | Killed Maggie
  8134 | D:7      | Reached skill level 8 in Fire Magic
  8289 | D:7      | Found a glowing golden altar of the Shining One.
  8294 | D:7      | Noticed Pikel
  8305 | D:7      | Killed Pikel
  8306 | D:7      | Reached XP level 10. HP: 53/53 MP: 16/21
  8348 | D:7      | Reached * piety under Vehumet
  8348 | D:7      | Offered knowledge of Freeze by Vehumet.
  8391 | D:7      | Found a white marble altar of Elyvilon.
  8395 | D:7      | Learned a level 1 spell: Freeze
  8416 | D:7      | Found a burning altar of Makhleb.
  8417 | D:7      | Found a shimmering altar of Xom.
  8748 | D:7      | Found a bloodstained altar of Trog.
  8752 | D:7      | Found an opulent altar of Gozag.
  8757 | D:7      | Found an ornate altar of the Wu Jian Council.
  8838 | D:8      | Noticed a centaur warrior
  8858 | D:7      | Slain by a centaur warrior

Illustrated notes

Levels and vault maps discovered:
D:1:      amcnicky_arrival_abandoned_market, layout_basic,
          basic_ecumenical_altar
D:2:      layout_loops_ring, basic_altar, corexii_shack, supply_closet_lemuel
D:3:      layout_loops_corners, grunt_ministairs_13
D:4:      layout_cave_pods, amcnicky_mini_pool_small, grunt_decor_fettered,
          uniq_natasha
D:5:      layout_loops_ring, ebering_ghost_disaster_area, uniq_duvessa
D:6:      layout_basic, temple_green, uniq_blork_the_orc
D:7:      layout_gridville, grunt_temple_overflow_champion_of_chaos,
          lemuel_coloured_pillars_altar, minmay_overflow_temple_star_quad,
          mainiacjoe_overflow_paths, kennysheep_mini_moat, uniq_maggie,
          uniq_pikel
D:8:      cheibrodos_elevator_heist, layout_basic, nicolae_uskayaw_dance_hall,
          nicolae_ru_the_path_less_chosen
Temple:   nicolae_temple_ecumenical_triangle

Skill      XL: |  1  2  3  4  5  6  7  8  9 |
---------------+----------------------------+-----
Dodging        | 2 3 |  3.0
Conjurations   | 2 3 4 5 7 |  7.0
Fire Magic     | 4 6 7 8 |  8.6
Spellcasting   | 3 4 6 7 |  7.8
Staves         | 1 2 |  2.7
Stealth        | 3 |  3.5
Fighting       | 1 |  1.8
Maces & Flails | |  0.5
Armour         | |  0.1

Action                   |  1- 3 |  4- 6 |  7- 9 | 10-12 || total
-------------------------+-------+-------+-------+-------++-------
Melee: Club              |    23 |     1 |       |       ||    24
       Whip              |       |    15 |       |       ||    15
       Quarterstaff      |       |     4 |    24 |    14 ||    42
 Cast: Foxfire           |    46 |    92 |   131 |     3 ||   272
       Scorch            |       |     6 |    28 |     3 ||    37
       Flame Wave        |       |     1 |     5 |       ||     6
       Conjure Flame     |       |       |     1 |       ||     1
       Freeze            |       |       |       |     3 ||     3
  Use: Scroll            |       |    11 |     5 |     2 ||    18
       Potion            |       |       |       |     1 ||     1
Armor: Robe              |    18 |     8 |    23 |       ||    49
       Acid dragon scale |       |       |       |    20 ||    20
Dodge: Dodged            |    20 |    23 |    34 |    20 ||    97

Table legend: (Time is in decaauts)
 A = Elapsed time spent in this place.
 B = Non-inter-level travel time spent in this place.
 C = Inter-level travel time spent in this place.
 D = Time resting spent in this place.
 E = Time spent auto-exploring this place.
 F = Levels seen in this place.
 G = Mean time per level.
                   A        B        C        D        E       F      G
               +--------+--------+--------+--------+--------+-----+--------+
         Total |   8875 |   8481 |    394 |    364 |   6712 |   9 |  986.1 |
       Dungeon |   8837 |   8451 |    386 |    364 |   6691 |   8 | 1104.6 |
        Temple |     37 |     30 |      7 |      0 |     21 |   1 |   37.0 |
               +--------+--------+--------+--------+--------+-----+--------+

Top non-repeatable levels by time:
     D:6: 1404 daAuts
     D:1: 1374 daAuts
     D:3: 1283 daAuts
     D:2: 1257 daAuts
     D:4: 1203 daAuts
     D:5: 1197 daAuts
     D:7: 1104 daAuts
  Temple: 37 daAuts
     D:8: 12 daAuts
